 Dungeon Crawl Stone Soup version 0.29.1-2-gbd0b4ee654 (webtiles) character file.

Game seed: 17208797615409563874

165 Icepheonix32 the Insei (level 5, 0/39 HPs)
             Began as a Demigod Transmuter on Nov 4, 2022.
             Killed by divine providence
             ... invoked by an orc priest
              (10 damage)
             ... on level 4 of the Dungeon.
             The game lasted 00:04:01 (4180 turns).

Icepheonix32 the Insei (Demigod Transmuter)         Turns: 4180, Time: 00:04:02

Health: 0/39       AC:  4    Str: 11    XL:     5   Next: 1%
Magic:  10/10      EV: 12    Int: 19    God:
Gold:   70         SH:  0    Dex: 14    Spells: 1/7 levels left

rFire   . . .      SeeInvis .     - Unarmed
rCold   + . .      Faith    .   (no shield)
rNeg    . . .      Spirit   .   a - +0 robe
rPois   .          Reflect  .   (helmet currently unavailable)
rElec   .          Harm     .   (no cloak)
rCorr   .          Rampage  .   (no gloves)
Will    .....                   (boots currently unavailable)
Stlth   +.........              (no amulet)
HPRegen 0.13/turn               (no ring)
MPRegen 0.12/turn               (no ring)

@: appendages
A: horns 2, talons 2, high MP 1, forlorn, divine attributes, iridescent scales
1, cold resistance 1
a: End Transformation


You were on level 4 of the Dungeon.
You had temporarily grown beastly horns and talons.
You visited 1 branch of the dungeon, and saw 4 of its levels.

You collected 154 gold pieces.
You spent 84 gold pieces at shops.

Inventory:

Hand Weapons
 q - a +0 dagger of venom
Armour
 a - a +0 robe (worn)
 p - a +0 pair of boots
Jewellery
 c - a +4 ring of slaying
 n - a ring of protection from fire
 o - a ring of protection from cold
Scrolls
 d - a scroll of magic mapping {unknown}
 e - 3 scrolls of teleportation {unknown}
 f - 7 scrolls of identify {unknown}
 g - a scroll of brand weapon {unknown}
 i - a scroll of summoning {unknown}
 j - 3 scrolls of blinking {unknown}
 k - a scroll of amnesia {unknown}
 l - a scroll of fear {unknown}
 r - a scroll of noise {unknown}
Potions
 b - a potion of lignification
 h - 3 potions of curing
 m - a potion of mutation
 s - a potion of heal wounds {unknown}


   Skills:
 - Level 0.8 Fighting
 + Level 2.4 Dodging
 + Level 4.3 Unarmed Combat
 - Level 1.7 Spellcasting
 + Level 3.1 Transmutations
 * Level 0.4 Poison Magic


You had one spell level left.
You knew the following spells:

 Your Spells              Type           Power      Damage    Failure   Level
a - Beastly Appendage     Tmut           26%        N/A       4%          1
b - Wereblood             Tmut           13%        N/A       8%          2
c - Spider Form           Tmut/Pois      8%         N/A       24%         3

Your spell library contained the following spells:

 Spells                   Type           Power      Damage    Failure   Level
 Shock                    Conj/Air       4%         1d3       17%         1
 Swiftness                Air            1%         N/A       45%         3
 Ice Form                 Ice/Tmut       7%         N/A       65%         4
 Airstrike                Air            0%         2d(1-17)  86%         4


Dungeon Overview and Level Annotations

Branches:
Dungeon (4/15)
 Temple: D:4-7

Shops:
D:3 *[((


Innate Abilities, Weirdness & Mutations

You have temporarily grown beastly horns and talons.
You have an increased reservoir of magic. (+10% MP)
You shall have no god before yourself.
Your divine heritage dramatically boosts your attributes as you level up.
You are partially covered in iridescent scales. (AC +2)
Your flesh is cold resistant. (rC+)


Message History

You kill the ball python!
You have reached level 5!
Your transformation is almost over. 2 orcs come into view.
The orc shouts!
You hear a shout!
An orc priest comes into view. It is wielding a +0 flail.
There are monsters nearby!
There are monsters nearby!
You extend your transformation's duration.
The orc shouts!
You hit the orc but do no damage. You headbutt the orc.
The orc is moderately wounded.
The orc barely misses you.
You hit the orc.
You kill the orc!
The orc hits you from afar with a +0 trident.
A kobold comes into view. It is wielding a +0 dagger.
The orc priest invokes the aid of Beogh against you.
Pain shoots through your body! The orc closely misses you.
The orc priest barely misses you.
You hit the orc priest. You claw the orc priest.
The orc priest is heavily wounded.
The orc misses you.
The orc priest hits you with a +0 flail.
You completely miss the orc priest.
The orc priest is heavily wounded.
The orc misses you.
The orc priest calls down the wrath of Beogh upon you.
Beogh smites you!
You are too injured to fight recklessly!
You are too injured to fight recklessly!
Unknown command.
You closely miss the orc priest.
You headbutt the orc priest, but do no damage.
The orc priest is heavily wounded.
The orc hits you with a +0 trident.
* * * LOW HITPOINT WARNING * * *
The orc priest invokes the aid of Beogh against you.
Beogh smites you!
You die...

.......##.#..# ..
.. .....#......
..... [........#
#...# ##.......#
#...# #<........
#.#.# #...†.....
#.K.# #...).....
#.oo# ##...<...#
....#### ##.@.#
##......( ##.......
#)...# ##.....#
........# #.####
###.###
#......#####.# #..
#......##....###
#####
#......##.##...#
#.....##.#....###
#.........._......#
##....###....#.##..


You could see an orc priest, an orc and a kobold.

Vanquished Creatures
  A hound (D:4)
  4 adders
  2 worms
  2 dart slugs
  3 orcs
  7 endoplasms
  9 goblins
  9 hobgoblins
  6 jackals
  11 kobolds
  2 quokkas
  9 ball pythons
  4 bats
  A frilled lizard (D:2)
  11 rats
81 creatures vanquished.

Vanquished Creatures (others)
  A fungus (D:1)
1 creature vanquished.

Grand Total: 82 creatures vanquished

Notes
Turn   | Place    | Note
-------+----------+-------------------------------------------
     0 | D:1      | Icepheonix32 the Demigod Transmuter began the quest for the
                  | Orb.
     0 | D:1      | Reached XP level 1. HP: 15/15 MP: 5/5
   386 | D:1      | Reached XP level 2. HP: 19/22 MP: 5/7
   491 | D:1      | Reached skill level 3 in Unarmed Combat
  1352 | D:2      | Reached XP level 3. HP: 27/27 MP: 6/8
  1410 | D:2      | Learned a level 2 spell: Wereblood
  2122 | D:2      | Gained mutation: Your flesh is cold resistant. (rC+)
                  | [potion of mutation]
  2122 | D:2      | Gained mutation: You are partially covered in iridescent
                  | scales. (AC +2) [potion of mutation]
  2123 | D:2      | HP: 1/40 [poisoned by an adder]
  2126 | D:2      | Reached XP level 4. HP: 15/34 MP: 7/9
  2441 | D:3      | Found Daham's Jewellery Shop.
  2479 | D:3      | Reached skill level 4 in Unarmed Combat
  2481 | D:3      | Found Koes's Antique Weapon Boutique.
  2603 | D:3      | Found Sofu's Weapon Shop.
  2695 | D:3      | Learned a level 3 spell: Spider Form
  2765 | D:3      | You fall into a shaft and drop 1 floor!
  3291 | D:3      | Found Guod Dok's Assorted Antiques.
  3303 | D:3      | Found Wari's Armour Shop.
  3311 | D:3      | Bought a scroll labelled EDEANA GOYNE for 28 gold pieces
  3311 | D:3      | Bought a scroll labelled UCSYHY MYSES for 28 gold pieces
  3311 | D:3      | Bought a scroll labelled BIRAAPP MIEWO for 28 gold pieces
  4154 | D:4      | Reached XP level 5. HP: 39/39 MP: 8/10
  4180 | D:4      | Killed from afar by an orc priest

Illustrated notes

Levels and vault maps discovered:
D:1:      wander_arrival_desolate, layout_basic, shapermc_ecumenical_altar_petra
D:2:      layout_loops_ring, basic_altar
D:3:      layout_loops_ring, serial_shops, nicolae_shop_hallway_stairs, shop,
          nicolae_shop_bloodbath_and_beyond, shop_statue, nicolae_shop_trees
D:4:      layout_loops_cross, nicolae_overflow_crystal_walls

Skill      XL: |  1  2  3  4 |
---------------+-------------+-----
Transmutations | 2 3 |  3.1
Unarmed Combat | 3 4 |  4.3
Dodging        | 2 |  2.4
Fighting       | |  0.8
Spellcasting   | |  1.7
Poison Magic   | |  0.4

Action                   |  1- 3 |  4- 6 || total
-------------------------+-------+-------++-------
Melee: Unarmed           |   149 |    92 ||   241
       Kick              |    14 |    19 ||    33
       Headbutt          |     5 |     9 ||    14
       Punch             |     3 |     2 ||     5
 Cast: Beastly Appendage |    20 |    17 ||    37
  Use: Potion            |     3 |     2 ||     5
 Stab: Sleeping          |     1 |       ||     1
Armor: Robe              |    24 |    18 ||    42
       Skin              |     3 |       ||     3
Dodge: Dodged            |    89 |    47 ||   136
